| TOP OF THE 1ST |
|
Dayton Dragons batting - Pitching for Wisconsin Timber Rattlers : LHP Mike Moffett
|
|
Pitching: LHP Mike Moffett
|
|
|
Batting: LHB Keith Egan
|
0-0: Fly out, F8 (Flyball, 8RXD, EV 106.9 MPH)
|
|
Batting: RHB Randy Grewe
|
0-0: Ball 1-0: Called Strike 1-1: Swinging Strike 1-2: Foul Ball, location: 2F 1-2: Ball 2-2: Fly out, F7 (Flyball, 7, EV 86.9 MPH)
|
|
Batting: RHB Danny Real
|
0-0: Ground out 5-3 (Groundball, 56, EV 80.6 MPH)
|
| Top of the 1st over - 0 runs, 0 hits, 0 errors, 0 left on base; Dayton 0 - Wisconsin 0 |
| BOTTOM OF THE 1ST |
|
Wisconsin Timber Rattlers batting - Pitching for Dayton Dragons : RHP Gil Villanueva
|
|
Pitching: RHP Gil Villanueva
|
|
|
Batting: LHB Rick Campbell
|
0-0: Foul Ball, location: 2F 0-1: Ball 1-1: Ball 2-1: Ball 3-1: Base on Balls
|
|
Batting: SHB Aaron Neill
|
0-0: Called Strike Rick Campbell steals 2nd base (no throw) 0-1: Ball 1-1: Ball 2-1: Ground out 6-3 (Groundball, 6, EV 83.8 MPH) Rick Campbell to third
|
|
Batting: LHB Tyler Francis
|
0-0: Called Strike 0-1: Ball 1-1: SINGLE (Line Drive, 9S, EV 88.8 MPH) Rick Campbell scores
|
|
Batting: LHB Adam Hill
|
0-0: Called Strike 0-1: Swinging Strike 0-2: Ball 1-2: Foul Ball, location: 2F 1-2: Foul Ball, location: 2F 1-2: Ball 2-2: Foul Ball, location: 2F 2-2: Strikes out swinging
|
|
Batting: RHB Chris Maul
|
0-0: Called Strike 0-1: Ball 1-1: Ball 2-1: Ball 3-1: Foul Ball, location: 2F 3-2: Strikes out swinging
|
| Bottom of the 1st over - 1 run, 1 hit, 0 errors, 1 left on base; Dayton 0 - Wisconsin 1 |
| TOP OF THE 2ND |
|
Dayton Dragons batting - Pitching for Wisconsin Timber Rattlers : LHP Mike Moffett
|
|
Batting: SHB Tim Utz
|
0-0: Ball 1-0: Called Strike 1-1: Ball 2-1: Ball 3-1: Base on Balls
|
|
Batting: RHB Mark Williams
|
0-0: Fielders Choice at 2nd, 4-6 (Groundball, 4MD, EV 86.9 MPH)
|
|
Batting: RHB Frank Moron
|
0-0: Called Strike 0-1: Grounds into double play, 6-4-3 (Groundball, 6, EV 83.1 MPH)
|
| Top of the 2nd over - 0 runs, 0 hits, 0 errors, 0 left on base; Dayton 0 - Wisconsin 1 |
| BOTTOM OF THE 2ND |
|
Wisconsin Timber Rattlers batting - Pitching for Dayton Dragons : RHP Gil Villanueva
|
|
Batting: SHB Craig Wright
|
0-0: Ball 1-0: Swinging Strike 1-1: DOUBLE (Line Drive, 78D, EV 105.0 MPH)
|
|
Batting: RHB Hector Silva
|
0-0: Called Strike 0-1: Foul Ball, location: 2F 0-2: Foul Ball, location: 2F 0-2: Ball 1-2: Ball 2-2: Foul Ball, location: 2F 2-2: Ground out 6-3 (Groundball, 6, EV 108.1 MPH)
|
|
Batting: LHB Paul Collins
|
0-0: Swinging Strike 0-1: Foul Ball, location: 2F 0-2: Ball 1-2: Fly out, F9 (Flyball, 9, EV 89.4 MPH)
|
|
Batting: RHB Dusty Bates
|
0-0: Ball 1-0: Ball 2-0: Ball 3-0: Base on Balls
|
|
Batting: LHB Rick Campbell
|
0-0: Ball 1-0: Swinging Strike 1-1: Foul Ball, location: 2F 1-2: Strikes out swinging
|
| Bottom of the 2nd over - 0 runs, 1 hit, 0 errors, 2 left on base; Dayton 0 - Wisconsin 1 |
| TOP OF THE 3RD |
|
Dayton Dragons batting - Pitching for Wisconsin Timber Rattlers : LHP Mike Moffett
|
|
Batting: RHB R.J. Romberg
|
0-0: Swinging Strike 0-1: Ball 1-1: Called Strike 1-2: Ground out 3-1 (Groundball, 34, EV 100.0 MPH)
|
|
Batting: LHB Fernando Gomez
|
0-0: Ball 1-0: Ground out 6-3 (Groundball, 6, EV 88.8 MPH)
|
|
Batting: RHB Cyd Carver
|
0-0: Ball 1-0: Called Strike 1-1: Ball 2-1: Foul Ball, location: 2F 2-2: Foul Ball, location: 2F 2-2: Foul Ball, location: 2F 2-2: Strikes out looking
|
| Top of the 3rd over - 0 runs, 0 hits, 0 errors, 0 left on base; Dayton 0 - Wisconsin 1 |
| BOTTOM OF THE 3RD |
|
Wisconsin Timber Rattlers batting - Pitching for Dayton Dragons : RHP Gil Villanueva
|
|
Batting: SHB Aaron Neill
|
0-0: Ball 1-0: Ball 2-0: Called Strike 2-1: Swinging Strike 2-2: Ball 3-2: Fly out, F2 (Popup, 23F, EV 80.6 MPH)
|
|
Batting: LHB Tyler Francis
|
0-0: Ball 1-0: Ground out U3 (Groundball, 3, EV 107.5 MPH)
|
|
Batting: LHB Adam Hill
|
0-0: Called Strike 0-1: Ball 1-1: Ball 2-1: Ball 3-1: SINGLE (Flyball, 34D, EV 96.2 MPH)
|
|
Batting: RHB Chris Maul
|
0-0: Swinging Strike 0-1: Fielders Choice at 2nd, 6-4 (Groundball, 6, EV 106.9 MPH)
|
| Bottom of the 3rd over - 0 runs, 1 hit, 0 errors, 1 left on base; Dayton 0 - Wisconsin 1 |
| TOP OF THE 4TH |
|
Dayton Dragons batting - Pitching for Wisconsin Timber Rattlers : LHP Mike Moffett
|
|
Batting: LHB Keith Egan
|
0-0: Ball 1-0: Called Strike 1-1: Ground out U3 (Groundball, 3L, EV 102.5 MPH)
|
|
Batting: RHB Randy Grewe
|
0-0: Swinging Strike 0-1: Fly out, F7 (Line Drive, 7S, EV 103.1 MPH)
|
|
Batting: RHB Danny Real
|
0-0: Ball 1-0: SOLO HOME RUN (Flyball, 7D, EV 96.2 MPH), Distance : 366 ft
|
|
Batting: SHB Tim Utz
|
0-0: Ball 1-0: Called Strike 1-1: Foul Ball, location: 2F 1-2: Ball 2-2: Foul Ball, location: 2F 2-2: Hit by Pitch
|
|
Batting: RHB Mark Williams
|
0-0: Swinging Strike 0-1: Ball 1-1: Foul Ball, location: 2F 1-2: Strikes out swinging
|
| Top of the 4th over - 1 run, 1 hit, 0 errors, 1 left on base; Dayton 1 - Wisconsin 1 |
| BOTTOM OF THE 4TH |
|
Wisconsin Timber Rattlers batting - Pitching for Dayton Dragons : RHP Gil Villanueva
|
|
Batting: SHB Craig Wright
|
0-0: Ball 1-0: Called Strike 1-1: Swinging Strike 1-2: Strikes out swinging, 2-3 out at first.
|
|
Batting: RHB Hector Silva
|
0-0: Called Strike 0-1: Swinging Strike 0-2: Foul Ball, location: 2F 0-2: Ball 1-2: Ground out 5-3 (Groundball, 5S, EV 68.1 MPH)
|
|
Batting: LHB Paul Collins
|
0-0: Ball 1-0: Called Strike 1-1: Ball 2-1: Foul Ball, location: 2F 2-2: Foul Ball, location: 2F 2-2: Strikes out swinging
|
| Bottom of the 4th over - 0 runs, 0 hits, 0 errors, 0 left on base; Dayton 1 - Wisconsin 1 |
| TOP OF THE 5TH |
|
Dayton Dragons batting - Pitching for Wisconsin Timber Rattlers : LHP Mike Moffett
|
|
Batting: RHB Frank Moron
|
0-0: Swinging Strike 0-1: Called Strike 0-2: Foul Ball, location: 2F 0-2: Foul Ball, location: 2F 0-2: Foul Ball, location: 2F 0-2: Strikes out looking
|
|
Batting: RHB R.J. Romberg
|
0-0: Ball 1-0: Foul Ball, location: 2F 1-1: Ball 2-1: SINGLE (Line Drive, 9LS, EV 93.1 MPH)
|
|
Batting: LHB Fernando Gomez
|
0-0: Ball 1-0: Called Strike 1-1: Grounds into double play, 4-6-3 (Groundball, 4, EV 82.5 MPH)
|
| Top of the 5th over - 0 runs, 1 hit, 0 errors, 0 left on base; Dayton 1 - Wisconsin 1 |
| BOTTOM OF THE 5TH |
|
Wisconsin Timber Rattlers batting - Pitching for Dayton Dragons : RHP Gil Villanueva
|
|
Batting: RHB Dusty Bates
|
0-0: Ball 1-0: Foul Ball, location: 2F 1-1: Ground out 6-3 (Groundball, 56, EV 91.9 MPH)
|
|
Batting: LHB Rick Campbell
|
0-0: Swinging Strike 0-1: Called Strike 0-2: Ball 1-2: Foul Ball, location: 2F 1-2: Ball 2-2: Ball 3-2: Fly out, F7 (Flyball, 7, EV 96.2 MPH)
|
|
Batting: SHB Aaron Neill
|
0-0: Foul Ball, location: 2F 0-1: Ball 1-1: Foul Ball, location: 2F 1-2: Foul Ball, location: 2F 1-2: Foul Ball, location: 2F 1-2: Strikes out swinging
|
| Bottom of the 5th over - 0 runs, 0 hits, 0 errors, 0 left on base; Dayton 1 - Wisconsin 1 |
| TOP OF THE 6TH |
|
Dayton Dragons batting - Pitching for Wisconsin Timber Rattlers : LHP Mike Moffett
|
|
Batting: RHB Cyd Carver
|
0-0: Called Strike 0-1: Swinging Strike 0-2: Ball 1-2: Foul Ball, location: 2F 1-2: Ball 2-2: Strikes out swinging
|
|
Batting: LHB Keith Egan
|
0-0: Called Strike 0-1: Ball 1-1: Foul Ball, location: 2F 1-2: Ground out 5-3 (Groundball, 56, EV 106.2 MPH)
|
|
Batting: RHB Randy Grewe
|
0-0: Foul Ball, location: 2F 0-1: Ball 1-1: Swinging Strike 1-2: Foul Ball, location: 2F 1-2: Strikes out swinging
|
| Top of the 6th over - 0 runs, 0 hits, 0 errors, 0 left on base; Dayton 1 - Wisconsin 1 |
| BOTTOM OF THE 6TH |
|
Wisconsin Timber Rattlers batting - Pitching for Dayton Dragons : RHP Gil Villanueva
|
|
Batting: LHB Tyler Francis
|
0-0: Swinging Strike 0-1: Ball 1-1: Ball 2-1: Swinging Strike 2-2: Foul Ball, location: 2F 2-2: Fly out, F8 (Line Drive, 8RD, EV 95.6 MPH)
|
|
Batting: LHB Adam Hill
|
0-0: Ball 1-0: Ball 2-0: Ball 3-0: Base on Balls
|
|
Batting: RHB Chris Maul
|
0-0: Ball 1-0: Swinging Strike 1-1: Called Strike 1-2: Ball 2-2: Ball 3-2: Base on Balls Adam Hill to second
|
|
Pitching: RHP Matt Knowles
|
|
|
Batting: SHB Craig Wright
|
0-0: Called Strike 0-1: Ball 1-1: Foul Ball, location: 2F 1-2: Ball 2-2: SINGLE (Line Drive, 6MD, EV 105.0 MPH) Adam Hill to third Chris Maul to second
|
|
Batting: RHB Hector Silva
|
0-0: Called Strike 0-1: Foul Ball, location: 2F 0-2: Strikes out swinging
|
|
Batting: LHB Paul Collins
|
0-0: Ball 1-0: Ball 2-0: SINGLE (Groundball, 34D, EV 107.5 MPH) Adam Hill scores Chris Maul to third Craig Wright to second Runner from 3rd tries for Home, SAFE, throw by RF to home
|
|
Batting: RHB Dusty Bates
|
0-0: SINGLE (Line Drive, 9S, EV 108.1 MPH) Craig Wright to third Paul Collins to second
|
|
Batting: LHB Rick Campbell
|
0-0: Called Strike 0-1: SINGLE (Groundball, 4M, EV 80.0 MPH) (infield hit) Craig Wright scores Paul Collins to third Dusty Bates to second
|
|
Batting: SHB Aaron Neill
|
0-0: Called Strike 0-1: Swinging Strike 0-2: Strikes out swinging
|
| Bottom of the 6th over - 3 runs, 4 hits, 0 errors, 3 left on base; Dayton 1 - Wisconsin 4 |
| TOP OF THE 7TH |
|
Dayton Dragons batting - Pitching for Wisconsin Timber Rattlers : LHP Mike Moffett
|
|
Batting: RHB Danny Real
|
0-0: Swinging Strike 0-1: Foul Ball, location: 2F 0-2: Fly out, F9 (Flyball, 9, EV 93.1 MPH)
|
|
Batting: SHB Tim Utz
|
0-0: Ball 1-0: Called Strike 1-1: Ball 2-1: Ball 3-1: Foul Ball, location: 2F 3-2: Foul Ball, location: 2F 3-2: Ground out 4-3 (Groundball, 4S, EV 76.9 MPH)
|
|
Batting: RHB Mark Williams
|
0-0: Ground out 4-3 (Groundball, 34, EV 105.0 MPH)
|
| Top of the 7th over - 0 runs, 0 hits, 0 errors, 0 left on base; Dayton 1 - Wisconsin 4 |
| BOTTOM OF THE 7TH |
|
Wisconsin Timber Rattlers batting - Pitching for Dayton Dragons : RHP Matt Knowles
|
|
Batting: LHB Tyler Francis
|
0-0: Ball 1-0: SINGLE (Line Drive, 7LS, EV 105.0 MPH)
|
|
Batting: LHB Adam Hill
|
0-0: Ball 1-0: Called Strike 1-1: Ball 2-1: Foul Ball, location: 2F 2-2: Fly out, F9 (Flyball, 9S, EV 85.0 MPH)
|
|
Batting: RHB Chris Maul
|
0-0: Ball 1-0: Ball 2-0: Ball 3-0: Called Strike 3-1: Fielders Choice at 2nd, 6-4 (Groundball, 6, EV 85.0 MPH)
|
|
Batting: SHB Craig Wright
|
0-0: Ball 1-0: Foul Ball, location: 2F 1-1: Ball 2-1: Ground out 1-3 (Groundball, 15, EV 70.0 MPH)
|
| Bottom of the 7th over - 0 runs, 1 hit, 0 errors, 1 left on base; Dayton 1 - Wisconsin 4 |
| TOP OF THE 8TH |
|
Dayton Dragons batting - Pitching for Wisconsin Timber Rattlers : LHP Mike Moffett
|
|
Pitching: RHP Nick Garland
|
|
|
Batting: RHB Frank Moron
|
0-0: Called Strike 0-1: Ball 1-1: Ball 2-1: Foul Ball, location: 2F 2-2: Strikes out looking
|
|
Batting: RHB R.J. Romberg
|
0-0: Called Strike 0-1: Swinging Strike 0-2: Ball 1-2: Strikes out swinging
|
|
Batting: LHB Fernando Gomez
|
0-0: Ball 1-0: Ball 2-0: Ball 3-0: Called Strike 3-1: Base on Balls
|
|
Batting: RHB Cyd Carver
|
0-0: Called Strike 0-1: Ball 1-1: Ball 2-1: Fly out, F1 (Line Drive, P, EV 68.1 MPH)
|
| Top of the 8th over - 0 runs, 0 hits, 0 errors, 1 left on base; Dayton 1 - Wisconsin 4 |
| BOTTOM OF THE 8TH |
|
Wisconsin Timber Rattlers batting - Pitching for Dayton Dragons : RHP Matt Knowles
|
|
Pitching: LHP Paul Fuller
|
|
|
Batting: RHB Hector Silva
|
0-0: Called Strike 0-1: Called Strike 0-2: Foul Ball, location: 2F 0-2: Foul Ball, location: 2F 0-2: Ball 1-2: Ball 2-2: SINGLE (Groundball, 4S, EV 72.5 MPH) (infield hit)
|
|
Batting: LHB Paul Collins
|
0-0: Called Strike 0-1: Ball 1-1: Swinging Strike 1-2: Strikes out swinging
|
|
Batting: RHB Dusty Bates
|
0-0: Called Strike 0-1: Called Strike 0-2: Foul Ball, location: 2F 0-2: Ball 1-2: Strikes out looking
|
|
Batting: LHB Rick Campbell
|
0-0: Ball 1-0: Ball 2-0: Swinging Strike 2-1: Ball 3-1: Called Strike 3-2: Strikes out swinging
|
| Bottom of the 8th over - 0 runs, 1 hit, 0 errors, 1 left on base; Dayton 1 - Wisconsin 4 |
| TOP OF THE 9TH |
|
Dayton Dragons batting - Pitching for Wisconsin Timber Rattlers : RHP Nick Garland
|
|
Pitching: RHP Jeff Alanis
|
|
|
Batting: LHB Keith Egan
|
0-0: Called Strike 0-1: SINGLE (Groundball, 6MD, EV 107.5 MPH) (infield hit)
|
|
Batting: RHB Randy Grewe
|
0-0: Called Strike 0-1: Foul Ball, location: 2F 0-2: Ball 1-2: Foul Ball, location: 2F 1-2: Ball 2-2: Ball 3-2: Strikes out swinging
|
|
Batting: RHB Danny Real
|
0-0: Ball 1-0: Foul Ball, location: 2F 1-1: 2-RUN HOME RUN (Line Drive, 78XD, EV 106.2 MPH), Distance : 419 ft
|
|
Batting: SHB Tim Utz
|
0-0: Called Strike 0-1: Ball 1-1: Swinging Strike 1-2: Ball 2-2: Ball 3-2: Strikes out swinging
|
|
Batting: RHB Mark Williams
|
0-0: SINGLE (Groundball, 4MD, EV 96.2 MPH)
|
|
Batting: RHB Frank Moron
|
0-0: Ball 1-0: Swinging Strike 1-1: Swinging Strike 1-2: Foul Ball, location: 2F 1-2: Strikes out swinging
|
| Top of the 9th over - 2 runs, 3 hits, 0 errors, 1 left on base; Dayton 3 - Wisconsin 4 |
|